 Dungeon Crawl Stone Soup version 0.20-a0-1089-g3fde505 (webtiles) character file.

21337 KristoblXynda the Jinx (level 12, -3/58 HPs)
             Began as a Spriggan Enchanter on Apr 27, 2017.
             Was an Elder of Vehumet.
             Killed from afar by an ice statue (39 damage)
             ... with a bolt of cold
             ... in an ice cave on May 2, 2017.
             The game lasted 00:57:08 (17984 turns).

KristoblXynda the Jinx (Spriggan Enchanter)        Turns: 17984, Time: 00:57:09

Health: -3/58      AC:  8    Str:  6    XL:     12   Next: 53%
Magic:  11/27      EV: 22    Int: 24    God:    Vehumet [****..]
Gold:   376        SH:  7    Dex: 16    Spells: 13/31 levels left

rFire    . . .     SeeInvis +   A - +3 dagger (pain)
rCold    . . .     Gourm    .   m - +0 buckler
rNeg     . . .     Faith    .   b - +1 robe
rPois    .         Spirit   .   (helmet restricted)
rElec    +         Reflect  .   a - +0 cloak
rCorr    .         Harm     .   (gloves unavailable)
MR       +++..                  (boots unavailable)
Stlth    +++++.....             (no amulet)
Regen    0.2/turn               F - ring of Light {rElec Int+4 SInv}
MPRegen  0.2/turn               x - +4 ring of protection

@: very slightly contaminated, very quick
A: unfitting armour, see invisible, blink, herbivore 3, speed 3, magic
resistance 1, slow metabolism 2, wild magic 1
a: Blink, Renounce Religion


You were in an ice cave.
You worshipped Vehumet.
Vehumet was greatly pleased with you.
You were not hungry.

You visited 4 branches of the dungeon, and saw 14 of its levels.
You also visited: Sewer and Ice Cave.

You collected 376 gold pieces.

Inventory:

Hand Weapons
 p - a +4 dagger of draining
 y - a +1 hunting sling of flaming
 A - a +3 dagger of pain (weapon)
Missiles
 l - 6 throwing nets (quivered)
 B - 61 sling bullets
Armour
 a - a +0 cloak (worn)
 b - a +1 robe (worn)
 m - a +0 buckler (worn)
Jewellery
 j - an uncursed ring of positive energy
 x - a +4 ring of protection (right hand)
 E - an uncursed ring of wizardry
 F - the ring of Light (left hand) {rElec Int+4 SInv}
   (You found it on level 8 of the Dungeon)

   [ring of intelligence]

   It affects your intelligence (+4).
   It insulates you from electricity.
   It lets you see invisible.
Wands
 g - a wand of disintegration (7/24)
 D - a wand of confusion (19/48)
Scrolls
 n - 4 scrolls of remove curse
 r - a scroll of fog
 z - a scroll of teleportation
 C - 2 scrolls of recharging
Potions
 e - 3 potions of curing
 h - 3 potions of agility
 k - 4 potions of heal wounds
 o - a potion of brilliance
 q - 4 potions of haste
 s - 2 potions of might
 u - 2 potions of invisibility
 w - 3 potions of magic
Books
 f - a book of Flames

   Spells                             Type                      Level
   a - Flame Tongue                   Conjuration/Fire             1
   b - Throw Flame                    Conjuration/Fire             2
   c - Conjure Flame                  Conjuration/Fire             3
   d - Inner Flame                    Hexes/Fire                   3
   e - Sticky Flame                   Conjuration/Fire             4
   f - Fireball                       Conjuration/Fire             5
Miscellaneous
 c - a sack of spiders
Comestibles
 d - 9 bread rations
 i - 10 royal jellies


   Skills:
 - Level 4.0 Fighting
 - Level 5.2 Short Blades
 - Level 1.7 Slings
 - Level 6.6 Dodging
 - Level 12.1 Stealth
 + Level 5.0 Shields
 - Level 10.0 Spellcasting
 + Level 7.1 Conjurations
 - Level 13.1 Hexes
 + Level 0.0 Fire Magic
 - Level 4.0 Evocations


You had 13 spell levels left.
You knew the following spells:

 Your Spells              Type           Power        Failure   Level  Hunger
a - Shock                 Conj/Air       ####         1%          1    None
b - Ensorcelled Hibernat  Hex/Ice        ######       1%          2    None
c - Confuse               Hex            #######.     1%          3    None
d - Dazzling Spray        Conj/Hex       ######       1%          3    None
e - Airstrike             Air            ###.......   21%         4    #......
f - Fireball              Conj/Fire      #####.....   13%         5    ####...


Dungeon Overview and Level Annotations

Branches:
Dungeon (9/15)             Temple (1/1) D:6            Lair (3/6) D:9
 Shoals (1/4) Lair:3
  Snake: Lair:2-4    Spider: Lair:2-4       Orc: D:9-12

Altars:
Ashenzari
Cheibriados
Dithmenos
Elyvilon
Fedhas
Gozag
Hepliaklqana
Kikubaaqudgha
Makhleb
Nemelex Xobeh
Okawaru
Qazlal
Ru
Sif Muna
Trog
Uskayaw
Vehumet
Wu Jian
Xom
Yredelemnul
Zin
The Shining One

Shops:
D:7 :

Annotations:
Lair:3 exclusion: oklob plant IceCv exclusion: ice statue


Innate Abilities, Weirdness & Mutations

You are very small and have problems with some larger weapons.
You are too small for most types of armour.
You have supernaturally acute eyesight. (SInv)
You are a herbivore.
You cover ground extremely quickly.
You need consume almost no food.
You can translocate small distances at will.
You are resistant to hostile enchantments. (MR+)
Your spells are a little harder to cast, but a little more powerful.


Message History

Aiming: Airstrike
Press: ? - help, Dir - move target cursor, f/p - ice statue
Aim: an ice statue (freezing vapour, moderately damaged)
The air twists around and strikes the ice statue!
The ice statue is moderately damaged.
The ice statue gestures at you.
The freezing blast engulfs the ice beast.
The ice beast completely resists.
You block the ice beast's attack.
Casting: Airstrike
Confirm with . or Enter, or press ? or * to list all spells.
Aiming: Airstrike
Press: ? - help, Dir - move target cursor, f/p - ice statue
Aim: an ice statue (freezing vapour, moderately damaged)
The air twists around and strikes the ice statue!
The ice statue is moderately damaged.
You are engulfed in freezing vapours.
The ice statue gestures at you.
The bolt of cold misses the ice beast.
The bolt of cold hits you!
Ouch! That really hurt!
You die...

#...# ##..## ##....#
##.....## #.......# ####
#......## ######..##
#.......### ##..##....#
##...§.§§§.###..........
#....§§@§§..#.......∩.∩.
#....§§Y§##....##.......
#.....§§####..#####....#
##...§§§8 #### ##..##
##.#.### #### ####


You could see an ice statue and an ice beast.

Vanquished Creatures
  4 hydras
  Harold (Lair:2)
  3 two-headed ogres (D:9)
  Pikel (D:8)
  Joseph (D:8)
  An ice statue (IceCv)
  2 black mambas
  4 spiny frogs
  2 ice devils (IceCv)
  2 komodo dragons
  The ghost of Paps the Covert, a novice OpAs (D:5)
  A queen bee (D:9)
  Grinder (D:5)
  3 hippogriffs
  7 blink frogs
  A wyvern (D:8)
  11 yaks
  2 basilisks
  Grum (Lair:1)
  A hungry ghost (D:8)
  3 water moccasins
  7 porcupines
  Duvessa (D:7)
  A hornet zombie (D:9)
  An orc warrior (D:8)
  A sky beast (D:7)
  A slave (D:8)
  2 ice beasts
  2 phantoms
  4 black bears
  4 ogres
  10 wolves
  2 centaurs (D:6)
  4 big kobolds
  8 bullfrogs
  2 scorpions
  Dowan (D:7)
  29 killer bees (D:9)
  9 wights
  An electric eel (Lair:1)
  A howler monkey (D:8)
  3 crimson imps
  2 bullfrog zombies
  2 quasits
  2 orc priests
  A jelly (D:5)
  2 gnoll shamans
  7 hounds
  A bullfrog skeleton (D:6)
  Jessica (D:2)
  2 centaur skeletons
  4 iguanas
  10 orc wizards
  5 worker ants
  8 gnolls
  A howler monkey skeleton (D:6)
  2 river rats
  A worker ant zombie (D:7)
  19 adders
  2 shadow imps
  7 white imps (IceCv)
  4 ufetubi (IceCv)
  3 oozes (Sewer)
  3 worms
  7 leopard geckos
  44 orcs
  4 ball pythons
  10 giant cockroaches
  4 goblins
  7 hobgoblins
  14 jackals
  26 kobolds
  5 quokkas
  3 bats
  4 frilled lizards
  A leopard gecko skeleton (D:4)
  8 rats
  A fungus (D:9)
  A plant (D:6)
375 creatures vanquished.

Vanquished Creatures (collateral kills)
  A fungus (Lair:3)
1 creature vanquished.

Vanquished Creatures (others)
  3 slaves (D:8)
  An orc wizard (D:8)
  2 adders (D:8)
  4 white imps (IceCv)
  3 ufetubi (IceCv)
  An orc (D:8)
  A bush (Lair:3)
  57 fungi
  22 plants
94 creatures vanquished.

Grand Total: 470 creatures vanquished

Notes
Turn   | Place    | Note
-------+----------+-------------------------------------------
     0 | D:1      | KristoblXynda the Spriggan Enchanter began the quest for the Orb.
     0 | D:1      | Reached XP level 1. HP: 9/9 MP: 5/5
    59 | D:1      | Upgraded the game from 0.20-a0-1062-g7b787ac to 0.20-a0-1089-g3fde505
   603 | D:1      | Reached XP level 2. HP: 10/13 MP: 6/6
   659 | D:1      | Learned a level 2 spell: Ensorcelled Hibernation
  1350 | D:2      | Found a shimmering altar of Xom.
  1384 | D:2      | Reached skill level 4 in Hexes
  1525 | D:2      | Reached XP level 3. HP: 16/16 MP: 6/8
  1561 | D:2      | Learned a level 3 spell: Confuse
  1596 | D:2      | Noticed Jessica
  1601 | D:2      | Killed Jessica
  1601 | D:2      | Reached skill level 5 in Stealth
  1628 | D:2      | Found an ornate altar of the Wu Jian Council.
  1636 | D:2      | Reached XP level 4. HP: 20/21 MP: 10/10
  1701 | D:2      | Found an opulent altar of Gozag.
  2199 | D:3      | Reached XP level 5. HP: 17/24 MP: 8/12
  2974 | D:3      | Found a faded altar of an unknown god.
  3127 | D:4      | Found a glowing drain.
  3158 | Sewer    | Entered a sewer
  3309 | Sewer    | Reached XP level 6. HP: 26/28 MP: 13/13
  3363 | Sewer    | Reached skill level 5 in Hexes
  3473 | Sewer    | Reached skill level 5 in Spellcasting
  4454 | D:4      | Reached XP level 7. HP: 27/32 MP: 5/16
  4585 | D:4      | Got a polished flail {crush}
  4586 | D:4      | Identified the +9 flail of Calamity {crush, -Tele +Inv rN+ Dex+3} (You took it off an orc wizard on level 4 of the Dungeon)
  4738 | D:4      | Found a glowing golden altar of the Shining One.
  5068 | D:4      | Reached skill level 6 in Hexes
  5162 | D:5      | Entered Level 5 of the Dungeon
  5567 | D:5      | Noticed Grinder
  5581 | D:5      | Killed Grinder
  5581 | D:5      | Reached XP level 8. HP: 36/36 MP: 15/18
  5636 | D:5      | Noticed Paps's ghost (novice OpAs)
  5653 | D:5      | Killed Paps's ghost
  5653 | D:5      | Reached skill level 5 in Short Blades
  5653 | D:5      | Reached skill level 7 in Hexes
  5902 | D:5      | Found a radiant altar of Vehumet.
  5925 | D:5      | Found a bloodstained altar of Trog.
  5925 | D:5      | Found a blossoming altar of Fedhas.
  5925 | D:5      | Found a glowing silver altar of Zin.
  5927 | D:5      | Found a shattered altar of Ashenzari.
  6162 | D:5      | Became a worshipper of Vehumet
  6323 | D:6      | Found a staircase to the Ecumenical Temple.
  6329 | Temple   | Entered the Ecumenical Temple
  6627 | D:6      | Reached skill level 1 in Fighting
  7114 | D:6      | Learned a level 3 spell: Dazzling Spray
  7139 | D:6      | Reached skill level 10 in Stealth
  7168 | D:6      | Reached XP level 9. HP: 42/42 MP: 15/21
  7376 | D:6      | Found a sacrificial altar of Ru.
  7753 | D:7      | Found Vufiom's Book Shoppe.
  7773 | D:7      | Reached * piety under Vehumet
  7773 | D:7      | Offered knowledge of Flame Tongue by Vehumet.
  7786 | D:7      | Reached skill level 8 in Hexes
  7807 | D:7      | Reached skill level 1 in Conjurations
  7979 | D:7      | Noticed Duvessa
  8006 | D:7      | Noticed Dowan
  8032 | D:7      | Killed Dowan
  8084 | D:7      | Killed Duvessa
  8217 | D:7      | Found a hazy altar of Hepliaklqana.
  8395 | D:8      | Noticed Joseph
  8395 | D:8      | Noticed Pikel
  8422 | D:8      | Killed Pikel
  8852 | D:8      | Reached skill level 9 in Hexes
  8912 | D:8      | Killed Joseph
  8988 | D:8      | Offered knowledge of Shock by Vehumet.
  9029 | D:8      | Reached ** piety under Vehumet
  9333 | D:8      | Reached XP level 10. HP: 39/46 MP: 20/24
  9348 | D:8      | Learned a level 1 spell: Shock
  9553 | D:8      | Got a smoking granite ring
  9704 | D:9      | Noticed a two-headed ogre
  9722 | D:9      | Killed a two-headed ogre
 10248 | D:8      | Identified the ring of Light {rElec Int+4 SInv} (You found it on level 8 of the Dungeon)
 10327 | D:9      | Reached skill level 10 in Spellcasting
 10405 | D:9      | Offered knowledge of Conjure Flame by Vehumet.
 10514 | D:9      | Reached skill level 10 in Hexes
 10893 | D:9      | Reached *** piety under Vehumet
 10948 | D:9      | Noticed a two-headed ogre
 10967 | D:9      | Killed a two-headed ogre
 10967 | D:9      | Reached skill level 5 in Dodging
 11169 | D:9      | Reached XP level 11. HP: 26/53 MP: 26/26
 11178 | D:9      | Offered knowledge of Airstrike by Vehumet.
 11350 | D:9      | Learned a level 4 spell: Airstrike
 11454 | D:9      | Noticed a two-headed ogre
 11465 | D:9      | HP: 2/53 [two-headed ogre/giant club (11)]
 11488 | D:9      | Killed a two-headed ogre
 11488 | D:9      | Reached skill level 11 in Hexes
 11683 | D:9      | Reached skill level 5 in Conjurations
 11692 | D:9      | Reached skill level 1 in Evocations
 11698 | D:9      | Reached **** piety under Vehumet
 11732 | D:9      | Reached skill level 1 in Shields
 11926 | D:9      | Found a staircase to the Lair.
 12082 | Lair:1   | Entered Level 1 of the Lair of Beasts
 12082 | Lair:1   | Noticed Grum
 12172 | Lair:1   | Offered knowledge of Yara's Violent Unravelling by Vehumet.
 12174 | Lair:1   | Killed Grum
 12711 | Lair:1   | Noticed a six-headed hydra
 12721 | Lair:1   | Killed a six-headed hydra
 13265 | Lair:2   | Noticed Harold
 13273 | Lair:2   | Killed Harold
 13273 | Lair:2   | Reached skill level 12 in Hexes
 13984 | Lair:2   | Reached XP level 12. HP: 57/58 MP: 21/27
 14663 | Lair:3   | Found a staircase to the Shoals.
 14944 | Lair:3   | Noticed a five-headed hydra
 14962 | Lair:3   | Killed a five-headed hydra
 15441 | Lair:3   | Found a blossoming altar of Fedhas.
 15597 | Lair:3   | Noticed a seven-headed hydra
 15613 | Lair:3   | Killed a seven-headed hydra
 15662 | Lair:3   | Reached skill level 13 in Hexes
 15837 | Lair:3   | Noticed a four-headed hydra
 15864 | Lair:3   | Killed a four-headed hydra
 15865 | Lair:3   | Gained mutation: You are weak. (Str -2) [potion of mutation]
 15865 | Lair:3   | Gained mutation: You have sharp toenails. [potion of mutation]
 15865 | Lair:3   | Gained mutation: You have razor-sharp toenails. [potion of mutation]
 15865 | Lair:3   | Gained mutation: You are partially covered in slimy green scales. (AC +2) [potion of mutation]
 15866 | Lair:3   | Lost mutation: You are weak. (Str -2) [potion of mutation]
 15866 | Lair:3   | Lost mutation: You have razor-sharp toenails. [potion of mutation]
 15866 | Lair:3   | Lost mutation: You are partially covered in slimy green scales. (AC +2) [potion of mutation]
 15866 | Lair:3   | Lost mutation: You have sharp toenails. [potion of mutation]
 15866 | Lair:3   | Gained mutation: Your spells are a little harder to cast, but a little more powerful. [potion of mutation]
 15866 | Lair:3   | Gained mutation: You can translocate small distances at will. [potion of mutation]
 15866 | Lair:3   | Gained mutation: You are resistant to hostile enchantments. (MR+) [potion of mutation]
 16330 | Shoals:1 | Entered Level 1 of the Shoals
 16337 | Shoals:1 | Noticed a merfolk avatar
 16412 | Shoals:1 | Identified a scroll of acquirement
 16415 | Shoals:1 | Got a steaming robe
 16466 | Shoals:1 | Identified the +0 robe of the Boiling Point {rCorr} (You acquired it on level 1 of the Shoals)
 16553 | Shoals:1 | Noticed a merfolk javelineer
 16597 | Shoals:1 | Found a frozen archway.
 16607 | IceCv    | Entered an ice cave
 16908 | IceCv    | Learned a level 5 spell: Fireball
 17552 | IceCv    | Reached skill level 1 in Slings
 17571 | IceCv    | Reached skill level 5 in Shields
 17984 | IceCv    | Killed from afar by an ice statue

Vault maps used:
D:1:      dpeg_arrival_windows_large_door, feat_on_display
D:2:      grunt_gozag_statues, xom_butterflies, lemuel_round_altar,
          minmay_small_reverse_x, uniq_jessica
D:3:      chequers_ecumenical_altar_lobes, first_bread
D:4:      kennysheep_six_static_rooms, tso_altar, portal_sewer_entry_b,
          glass_columns_c
D:5:      vehumet_altar_wand_db, minitemple, minmay_misc_feat_pillars,
          uniq_grinder
D:6:      nicolae_ru_the_path_less_chosen, minmay_temple_entry_fiery
D:7:      lemuel_round_altar, serial_shops, shop, uniq_duvessa
D:8:      uniq_joseph, uniq_pikel
D:9:      due_lair_maze_entry_diamond, special_room, serial_curves,
          eino_curves_01, eino_curves_02
Temple:   minmay_temple_curvy_loop
Lair:1:   uniq_grum
Lair:2:   lemuel_fruit_fields, uniq_harold
Lair:3:   elwin_shoals_entry_rocks, tgw_fedhas
Shoals:1: portal_ice_cave_entry_pillars_1
Sewer:    sewer_co_15_rooms
IceCv:    ice_cave_small_demon

Skill      XL: |  1  2  3  4  5  6  7  8  9 10 11 12 |
---------------+-------------------------------------+-----
Spellcasting   | 3 4 5 6 7 9 10 | 10.0
Hexes          | 4 5 6 7 9 10 12 13 | 13.1
Dodging        | 4 5 6 |  6.6
Stealth        | 5 6 7 8 10 11 12 | 12.1
Short Blades   | 2 3 4 5 |  5.2
Fighting       | 1 2 3 4 |  4.0
Conjurations   | 3 4 6 7 |  7.1
Evocations     | 4 |  4.0
Shields        | 3 5 |  5.0
Slings         | 1 |  1.7

Action                   |  1- 3 |  4- 6 |  7- 9 | 10-12 || total
-------------------------+-------+-------+-------+-------++-------
Melee: Dagger            |    76 |   202 |   603 |   809 ||  1690
 Cast: Ensorcelled Hiber |     4 |    34 |    15 |     5 ||    58
       Confuse           |       |     1 |    42 |    81 ||   124
       Shock             |       |       |       |    24 ||    24
       Dazzling Spray    |       |       |       |    76 ||    76
       Fireball          |       |       |       |    13 ||    13
       Airstrike         |       |       |       |     3 ||     3
Evoke: Wand              |     2 |     4 |     1 |     5 ||    12
       Sack of spiders   |       |       |       |     1 ||     1
  Use: Scroll            |     3 |     8 |     9 |    16 ||    36
       Potion            |       |     1 |       |     9 ||    10
 Stab: Sleeping          |    13 |    29 |    26 |    19 ||    87
       Confused          |       |     1 |    27 |    59 ||    87
       Distracted        |       |       |     2 |     2 ||     4
       Invisible         |       |       |       |    26 ||    26
  Eat: Royal jelly       |       |     1 |       |     3 ||     4
       Bread ration      |       |       |     2 |       ||     2
       Fruit             |       |       |       |     4 ||     4
Armor: Robe              |     7 |     9 |    55 |   114 ||   185
       Skin              |       |       |       |    21 ||    21
Dodge: Dodged            |    57 |   147 |   322 |   713 ||  1239
Block: Buckler           |       |       |       |    75 ||    75
